 Dungeon Crawl Stone Soup version 0.26.1-11-gd32895ea62 (webtiles) character file.

Game seed: 16407567037616712225

763 Exodus22XD the Chopper (level 7, -1/61 HPs)
             Began as a Hill Orc Monk on Apr 27, 2021.
             Slain by a killer bee (4 damage)
             ... on level 3 of the Dungeon.
             The game lasted 00:05:28 (5555 turns).

Exodus22XD the Chopper (Hill Orc Monk)              Turns: 5555, Time: 00:05:31

Health: -1/61      AC: 12    Str: 16    XL:     7   Next: 81%
Magic:  7/7        EV:  8    Int: 10    God:
Gold:   224        SH:  0    Dex: 13    Spells: 6/6 levels left

rFire    . . .     SeeInvis .   a - +0 hand axe
rCold    + . .     Faith    .   (no shield)
rNeg     . . .     Spirit   .   u - +0 chain mail
rPois    .         Reflect  .   m - +0 helmet
rElec    .         Harm     .   (no cloak)
rCorr    .         Rampage  .   (no gloves)
Will     .....                  s - +0 pair of boots
Stlth    ..........             (no amulet)
HPRegen  0.20/turn              c - ring of protection from cold
MPRegen  0.10/turn              (no ring)

@: brilliant, lethally poisoned (-1 -> -26)
A: no striking features
a: no special abilities


You were on level 3 of the Dungeon.
You visited 1 branch of the dungeon, and saw 4 of its levels.

You collected 224 gold pieces.

Inventory:

Hand Weapons
 a - a +0 hand axe (weapon)
Armour
 m - a +0 helmet (worn)
 s - a +0 pair of boots (worn)
 u - a +0 chain mail (worn)
Jewellery
 c - a ring of protection from cold (left hand)
 j - a cursed ring of protection from cold
Wands
 l - a wand of iceblast (10)
 o - a wand of polymorph (6)
 q - a wand of random effects (30)
 w - a wand of flame (2)
Scrolls
 b - 2 scrolls of identify
 e - 2 scrolls of enchant armour {unknown}
 f - 3 scrolls of remove curse
 k - 2 scrolls of teleportation {unknown}
 r - a scroll of fog {unknown}
 t - a scroll of immolation {unknown}
 v - a scroll of amnesia {unknown}
Potions
 h - a potion of flight {unknown}
 i - a potion of cancellation
 n - a potion of haste {unknown}


   Skills:
 + Level 5.2 Fighting
 + Level 7.7 Axes
 * Level 6.2 Armour
 - Level 2.4 Dodging
 - Level 1.5 Stealth
 - Level 0.4 Unarmed Combat


You had 6 spell levels left.
You didn't know any spells.
Your spell library was empty.

Dungeon Overview and Level Annotations

Branches:
Dungeon (4/15)
 Temple: D:4-7

Altars:
Makhleb
Okawaru
Zin
The Shining One

Annotations:
D:4 Menkaure


Message History

The killer bee stings you but does no damage. x2
You miss the killer bee.
The killer bee is almost dead.
* * * LOW HITPOINT WARNING * * *
You feel sick.
The killer bee stings you but does no damage. x2
You miss the killer bee.
The killer bee is almost dead.
* * * LOW HITPOINT WARNING * * *
You feel sick.
The killer bee stings you but does no damage.
The killer bee completely misses you.
It was a potion of brilliance.
You feel clever all of a sudden.
* * * LOW HITPOINT WARNING * * *
You feel sick. The killer bee stings you.
* * * LOW HITPOINT WARNING * * *
You are more poisoned.
The killer bee poisons you! The killer bee stings you.
You die...

#.....#...)....# #.....#.#.......
#.....#.)......# #.#####.#.......
#....('...)....# #.# #...#.......
#.....#######'## #.# #.#.........
#.....# #.####.###.#.##......
#.....# #...##..........#+#'#
#.....# ####.#'######.#.######)#
#.....# #......y....#.#.# #...#
#.....# #......@.##.#.#.# ##.#†.
....### #...........#.#.# #..#.#
....######.........#.#.#.# #.##.#
..............####...#.#.# #.##.#
................######.#.###.##..
..........(.....# #.#..†......
................# #.#####.....
................# #....##.....
........##......# #....##.....


You could see a killer bee.

Vanquished Creatures
  Sigmund (D:2)
  Duvessa (D:4)
  Dowan (D:4)
  A scorpion (D:4)
  A killer bee (D:4)
  2 howler monkeys
  2 hounds (D:4)
  2 iguanas
  Ijyb (D:4)
  3 gnolls (D:3)
  3 adders
  A worm (D:4)
  A dart slug (D:1)
  3 leopard geckos
  8 orcs
  17 giant cockroaches
  7 goblins
  4 hobgoblins (D:1)
  A jackal (D:4)
  A quokka (D:2)
  10 bats
  8 frilled lizards
  8 kobolds
  7 rats
94 creatures vanquished.

Notes
Turn   | Place    | Note
-------+----------+-------------------------------------------
     0 | D:1      | Exodus22XD the Hill Orc Monk began the quest for the Orb.
     0 | D:1      | Reached XP level 1. HP: 19/19 MP: 1/1
   190 | D:1      | Reached XP level 2. HP: 20/27 MP: 2/2
   619 | D:1      | Reached skill level 1 in Armour
   720 | D:1      | Reached XP level 3. HP: 32/33 MP: 3/3
  1074 | D:2      | Reached skill level 5 in Axes
  1723 | D:2      | Found a burning altar of Makhleb.
  1728 | D:2      | Found a glowing silver altar of Zin.
  1728 | D:2      | Noticed an angel
  1728 | D:2      | Noticed Sigmund
  1729 | D:2      | Noticed a cacodemon
  1745 | D:2      | Killed Sigmund
  1746 | D:2      | Reached skill level 6 in Axes
  1746 | D:2      | Reached XP level 4. HP: 19/41 MP: 4/4
  1746 | D:2      | Reached XP level 5. HP: 22/47 MP: 5/5
  2033 | D:2      | Found an iron altar of Okawaru.
  2314 | D:2      | Reached XP level 6. HP: 50/53 MP: 6/6
  2563 | D:3      | Found a glowing golden altar of the Shining One.
  4360 | D:4      | Noticed Duvessa
  4365 | D:4      | Noticed Dowan
  4372 | D:4      | Reached skill level 7 in Axes
  4372 | D:4      | Reached skill level 5 in Armour
  4372 | D:4      | Reached XP level 7. HP: 29/60 MP: 7/7
  4389 | D:4      | Reached skill level 5 in Fighting
  4437 | D:4      | Killed Duvessa
  4446 | D:4      | Killed Dowan
  4713 | D:4      | Noticed Ijyb
  4743 | D:4      | Killed Ijyb
  4924 | D:4      | Noticed Menkaure
  4947 | D:4      | HP: 2/61 [killer bee (7)]
  4952 | D:4      | HP: 1/61 [centaur skeleton (2)]
  5555 | D:3      | HP: 3/61 [killer bee (6)]
  5555 | D:3      | Slain by a killer bee

Illustrated notes

Levels and vault maps discovered:
D:1:      mushboom_english_gardens, layout_basic
D:2:      minmay_roachtagon, layout_basic,
          grunt_temple_overflow_order_and_chaos_2, lemuel_doored_altar,
          roderic_serpentine_path, uniq_sigmund
D:3:      layout_basic, nicolae_overflow_crystal_walls
D:4:      layout_basic, uniq_menkaure, uniq_ijyb, uniq_edmund, uniq_duvessa

Skill      XL: |  1  2  3  4  5  6  7 |
---------------+----------------------+-----
Fighting       | 4 5 |  5.2
Armour         | 1 3 5 6 |  6.2
Axes           | 6 7 |  7.7
Dodging        | |  2.4
Stealth        | |  1.5
Unarmed Combat | |  0.4

Action                   |  1- 3 |  4- 6 |  7- 9 || total
-------------------------+-------+-------+-------++-------
Melee: Hand axe          |   133 |   201 |   148 ||   482
       Unarmed           |     5 |       |       ||     5
       Punch             |       |     1 |       ||     1
  Use: Scroll            |       |     1 |     3 ||     4
       Potion            |       |       |     6 ||     6
Armor: Robe              |     6 |       |       ||     6
       Ring mail         |    29 |    79 |       ||   108
       Chain mail        |       |    25 |    99 ||   124
Dodge: Dodged            |    97 |   132 |    74 ||   303
